 Dungeon Crawl Stone Soup version 0.29.1-15-g9cfb28693d (webtiles) character file.

Game seed: 5755638884634297764

43 bmack86 the Shield-Bearer (level 3, -9/31 HPs)
             Began as a Minotaur Fighter on Apr 1, 2024.
             Killed from afar by Ijyb (12 damage)
             ... with a bolt of dispelling energy
             ... on level 2 of the Dungeon.
             The game lasted 00:01:31 (808 turns).

bmack86 the Shield-Bearer (Minotaur Fighter)         Turns: 808, Time: 00:01:31

Health: -9/31      AC:  8    Str: 22    XL:     3   Next: 37%
Magic:  2/2        EV:  9    Int:  5    God:
Gold:   10         SH:  4    Dex:  9    Spells: 2/2 levels left

rFire   . . .      SeeInvis .   a - +0 war axe
rCold   . . .      Faith    .   c - +0 buckler
rNeg    . . .      Spirit   .   b - +0 scale mail
rPois   .          Reflect  .   (helmet restricted)
rElec   .          Harm     .   (no cloak)
rCorr   .          Rampage  .   (no gloves)
Will    .....                   f - +0 pair of boots
Stlth   ..........              (no amulet)
HPRegen 0.10/turn               (no ring)
MPRegen 0.08/turn               (no ring)

@: no status effects
A: horns 2, retaliatory headbutt
a: no special abilities


You were on level 2 of the Dungeon.
You visited 1 branch of the dungeon, and saw 2 of its levels.

You collected 10 gold pieces.

Inventory:

Hand Weapons
 a - a +0 war axe (weapon)
Armour
 b - a +0 scale mail (worn)
 c - a +0 buckler (worn)
 f - a +0 pair of boots (worn)
Scrolls
 e - a scroll of identify {unknown}
 j - a scroll of torment {unknown}
 k - a scroll of blinking {unknown}
Potions
 d - 3 potions of might
 g - 2 potions of ambrosia {unknown}
 h - a potion of lignification {unknown}
 i - a potion of curing {unknown}


   Skills:
 - Level 3.6 Fighting
 + Level 3.3 Axes
 - Level 3.6 Armour
 * Level 4.9 Shields


You had 2 spell levels left.
You didn't know any spells.
Your spell library was empty.

Dungeon Overview and Level Annotations

Branches:
Dungeon (2/15)

Altars:
Sif Muna

Annotations:
D:2 Ijyb


Innate Abilities, Weirdness & Mutations

You have a pair of horns on your head.
You reflexively headbutt those who attack you in melee.


Message History

You hit the goblin.
You kill the goblin!
You hit the goblin.
You kill the goblin!
You slash the goblin!
You kill the goblin!
You barely miss the goblin. The goblin closely misses you.
You furiously retaliate!
You headbutt the goblin!
You kill the goblin!
You miss the goblin. You closely miss Ijyb. You barely miss the goblin.
You block the goblin's attack. You block Ijyb's attack.
Unknown command.
You barely miss Ijyb. You slash the goblin!
You kill the goblin!
You closely miss the goblin. The goblin closely misses you.
You furiously retaliate!
You headbutt the goblin, but do no damage.
Ijyb barely misses you. Ijyb hits you but does no damage.
The goblin completely misses you.
You hit Ijyb.
Ijyb is moderately wounded.
You closely miss the goblin.
Ijyb zaps a wand.
The bolt of dispelling energy hits you! The goblin hits you but does no damage.
You hit Ijyb. You headbutt Ijyb!
Ijyb is severely wounded.
You barely miss the goblin.
Ijyb zaps a wand.
The bolt of dispelling energy hits you!
Ouch! That really hurt!
* * * LOW HITPOINT WARNING * * *
The goblin hits you but does no damage.
You miss Ijyb.
Ijyb is severely wounded.
You slash the goblin!
You kill the goblin!
Ijyb screams, "Me stronger than you!" Ijyb closely misses you.
You furiously retaliate!
You headbutt Ijyb, but do no damage.
Ijyb zaps a wand.
The bolt of dispelling energy hits you!
You die...

#..#....# #
#..[.?..#..#....# #
#8.....8#.##....# #
#.......#.##....# #
#8.....8#.##....#######
#.......#...>..........
#8.....8#.##....#######
#....)g)#.##...##
##8...)@8#.##...#
#........#.##...#
#.#......#.##...#
#........#.##...#
#.##..#.##.##...# #
#..#.##.##...#
#..#.##.##...#
#..#.##.###### #.
#.##.#


You could see Ijyb.

Vanquished Creatures
  An adder (D:2)
  An adder zombie (D:2)
  An adder skeleton (D:2)
  A dart slug (D:1)
  A bat (D:1)
  3 endoplasms (D:1)
  6 goblins (D:2)
  2 hobgoblins (D:1)
  A quokka (D:1)
  2 ball pythons
  A frilled lizard (D:1)
  3 kobolds (D:1)
  A rat (D:1)
24 creatures vanquished.

Notes
Turn   | Place    | Note
-------+----------+-------------------------------------------
     0 | D:1      | bmack86 the Minotaur Fighter began the quest for the Orb.
     0 | D:1      | Reached XP level 1. HP: 19/19 MP: 0/0
   107 | D:1      | Reached skill level 4 in Shields
   114 | D:1      | Reached XP level 2. HP: 26/26 MP: 1/1
   174 | D:1      | You fall into a shaft and drop 1 floor!
   595 | D:2      | Found a shimmering blue altar of Sif Muna.
   772 | D:2      | Reached XP level 3. HP: 31/31 MP: 2/2
   799 | D:2      | Noticed Ijyb
   808 | D:2      | Killed from afar by Ijyb

Illustrated notes

Levels and vault maps discovered:
D:1:      eino_arrival_druids_welcome, layout_rooms
D:2:      kennysheep_the_goblin_king, layout_basic, basic_altar, serial_undead,
          serial_undead_f, serial_undead_c, serial_undead_b, serial_undead_c

Skill      XL: |  1  2 |
---------------+-------+-----
Shields        | 4 |  4.9
Axes           | 3 |  3.3
Fighting       | |  3.6
Armour         | |  3.6

Action                   || total
-------------------------++-------
Melee: War axe           ||    41
       Headbutt          ||     5
Armor: Scale mail        ||    26
Dodge: Dodged            ||    28
Block: Buckler           ||    13
